 Dungeon Crawl Stone Soup version 0.31-a0-232-gb1c03b2570 (webtiles) character file.

Game seed: 12007491923464531769

45 qw the Shooter (level 3, 0/21 HPs)
             Began as a Gargoyle Hexslinger on July 7, 2023.
             Slain by Terence
             ... wielding a +0 mace of protection
              (3 damage)
             ... on level 2 of the Dungeon.
             The game lasted 00:00:31 (1115 turns).

qw the Shooter (Gargoyle Hexslinger)                Turns: 1115, Time: 00:00:31

Health: 0/21       AC:  5    Str: 11    XL:     3   Next: 64%
Magic:  4/4        EV: 12    Int: 13    God:
Gold:   96         SH:  0    Dex: 14    Spells: 3/4 levels left

rFire   . . .        Y - +1 sling
rCold   . . .        (no shield)
rNeg    + . .        c - +0 robe
rPois   inf          (no helmet)
rElec   +            (no cloak)
rCorr   .            (no gloves)
SInv    .            (no boots)
Will    .....        (no amulet)
Stlth   +            (no ring)
HPRegen 0.23/turn    (no ring)
MPRegen 0.09/turn

%: no passive effects
@: about to teleport
A: sickness immunity, AC +3, negative energy resistance 1, electricity
resistance, torment resistance 1, petrification resistance
a: no special abilities


You were on level 2 of the Dungeon.
You visited 1 branch of the dungeon, and saw 2 of its levels.

You collected 96 gold pieces.


Innate Abilities, Weirdness & Mutations

You are immune to sickness and miasma.
Your stone body is resilient. (AC +3)
You are immune to poison.
You resist negative energy. (rN+)
You are resistant to electric shocks. (rElec)
You are resistant to unholy torment.
You are immune to petrification.


   Skills:
 - Level 2.0 Fighting
 + Level 3.5 Ranged Weapons
 - Level 1.5 Dodging
 - Level 1.0 Spellcasting
 - Level 2.6 Hexes


You had 3 spell levels left.
You knew the following spells:

 Your Spells              Type           Power      Damage    Failure   Level
a - Slow                  Hex            28%        N/A       10%         1

Your spell library contained the following spells:

 Spells                   Type           Power      Damage    Failure   Level
 Inner Flame              Hex/Fire       4%         N/A       43%         3
 Portal Projectile        Hex/Tloc       8%         N/A       43%         3
 Cause Fear               Hex            3%         N/A       67%         4

Inventory:

Hand Weapons
 Y - a +1 sling (weapon)
Armour
 c - a +0 robe (worn)
Potions
 a - a potion of degeneration {unknown}
 g - a potion of enlightenment {unknown}

Dungeon Overview and Level Annotations

Branches:
Dungeon (2/15)

Altars:

Annotations:
D:2 Terence


Message History

You shoot a sling bullet.
The sling bullet hits Terence but does no damage.
You shoot a sling bullet.
The sling bullet hits Terence but does no damage.
You shoot a sling bullet.
The sling bullet closely misses Terence.
You shoot a sling bullet.
The sling bullet hits Terence but does no damage.
You shoot a sling bullet.
The sling bullet hits Terence but does no damage.
Terence hits you with a +0 mace of protection.
You shoot a sling bullet. The sling bullet hits Terence.
Terence is moderately wounded.
Terence hits you with a +0 mace of protection.
You shoot a sling bullet.
The sling bullet hits Terence but does no damage.
Terence is moderately wounded.
Terence barely misses you.
Terence hits you with a +0 mace of protection!
You shoot a sling bullet.
The sling bullet hits Terence but does no damage.
Terence is lightly wounded.
A rat comes into view.
Terence barely misses you.
You shoot a sling bullet.
The sling bullet hits Terence but does no damage.
Terence is lightly wounded.
Terence barely misses you.
You shoot a sling bullet. The sling bullet hits Terence.
Terence is moderately wounded.
Terence hits you with a +0 mace of protection!
1114 ||| READING scroll of teleportation.
As you read the scroll of teleportation, it crumbles to dust.
You feel strangely unstable. Terence hits you but does no damage.
You shoot a sling bullet. The sling bullet hits Terence.
Terence is heavily wounded.
Terence barely misses you.
Terence hits you with a +0 mace of protection.
You die...

#........?.....#
...............
###.#####....#..
.......##..#....
...####....##.... . #
........##..#..).
...#.###########........
....<..######...........
#@@.r..............
########...........
#...........
#.......#...
#.......##.. #########
##


You could see Terence and a rat.

Vanquished Creatures
  A dart slug (D:2)
  8 ball pythons (D:1)
  A bat (D:1)
  5 endoplasms
  2 giant cockroaches
  A goblin (D:1)
  5 hobgoblins (D:1)
  3 jackals (D:1)
  A frilled lizard (D:1)
  5 kobolds
  4 rats (D:1)
36 creatures vanquished.

Vanquished Creatures (others)
  A bat (D:1)
  A kobold (D:1)
2 creatures vanquished.

Grand Total: 38 creatures vanquished

Notes
Turn   | Place    | Note
-------+----------+-------------------------------------------
     0 | D:1      | qw the Gargoyle Hexslinger began the quest for the Orb.
     0 | D:1      | Reached XP level 1. HP: 12/12 MP: 2/2
     0 | D:1      | 0 ||| qw: Version: 0.3-a-46-gb1f654a
     0 | D:1      | 0 ||| qw: Game counter: 2832
     0 | D:1      | 0 ||| qw: Melee chars always use a shield: true
     0 | D:1      | 0 ||| qw: God list: Okawaru
     0 | D:1      | 0 ||| qw: Allow faded altars: false
     0 | D:1      | 0 ||| qw: Do Orc after clearing Dungeon:15 true
     0 | D:1      | 0 ||| qw: Do second Lair branch before Depths: true
     0 | D:1      | 0 ||| qw: Lair rune preference: random
     0 | D:1      | 0 ||| qw: Goals: Normal
     0 | D:1      | 0 ||| PLANNING D:1-11
   248 | D:1      | Reached XP level 2. HP: 16/16 MP: 3/3
   321 | D:1      | Reached skill level 3 in Ranged Weapons
   380 | D:1      | Reached XP level 3. HP: 21/21 MP: 4/4
   893 | D:1      | 893 ||| READING scroll labelled LUVAUN ICOPH.
   894 | D:1      | 894 ||| READING 2 scrolls labelled OROSTE XOPT.
   899 | D:1      | 899 ||| READING scroll labelled OWEH REGUWAINN.
   900 | D:1      | 900 ||| READING scroll labelled XAISOECERANT.
  1001 | D:1      | 1001 ||| READING scroll labelled PUODGH ZIFENEH.
  1002 | D:1      | 1002 ||| READING scroll labelled DIHEQA QIAXODO.
  1003 | D:1      | 1003 ||| DROPPING scroll of poison.
  1102 | D:2      | Noticed Terence
  1113 | D:2      | HP: 3/21 [Terence/+0 mace of protection (7)]
  1114 | D:2      | 1114 ||| READING scroll of teleportation.
  1115 | D:2      | Slain by Terence

Levels and vault maps discovered:
D:1:      lemuel_arrival_lava_pool, layout_basic, lemuel_flame_loot_1
D:2:      layout_rooms, nicolae_ecumenical_snake_handling, uniq_terence,
          uniq_crazy_yiuf_cottage

Skill      XL: |  1  2  3 |
---------------+----------+-----
Ranged Weapons | 3 |  3.5
Fighting       | 2 |  2.0
Dodging        | |  1.5
Spellcasting   | |  1.0
Hexes          | |  2.6

Action                     || total
---------------------------++-------
   Fire: Sling             ||   132
    Use: Scroll            ||     7
 Armour: Robe              ||    28
  Dodge: Dodged            ||    55

Table legend:
 A = Non-vault XP
 B = Vault XP
 C = Vault XP percentage of total XP
 D = Non-vault monster count
 E = Vault monster count
 F = Vault count percentage of total count
                 A         B        C        D         E       F
            +---------+---------+-------+---------+---------+-------
      Total |      65 |       0 |   0.0 |      36 |       0 |   0.0
            +---------+---------+-------+---------+---------+-------
        D:1 |      51 |       0 |   0.0 |      30 |       0 |   0.0
        D:2 |      14 |       0 |   0.0 |       6 |       0 |   0.0
            +---------+---------+-------+---------+---------+-------
